 Dungeon Crawl Stone Soup version 0.28.0-47-ge53b351184 (webtiles) character file.

Game seed: 1105733002750087407

163 pkoi the Caller (level 5, -1/40 HPs)
             Began as a Demigod Summoner on May 3, 2022.
             Slain by an orc
             ... wielding a +2 flail of protection
              (9 damage)
             ... on level 3 of the Dungeon.
             The game lasted 00:06:52 (4969 turns).

pkoi the Caller (Demigod Summoner)                  Turns: 4969, Time: 00:06:53

Health: -1/40      AC:  2    Str:  9    XL:     5   Next: 0%
Magic:  8/11       EV: 12    Int: 21    God:
Gold:   53         SH:  0    Dex: 14    Spells: 2/8 levels left

rFire   . . .      SeeInvis .   b - +0 dagger
rCold   . . .      Faith    .   (no shield)
rNeg    . . .      Spirit   .   a - +0 robe
rPois   .          Reflect  .   (no helmet)
rElec   .          Harm     .   (no cloak)
rCorr   .          Rampage  .   (no gloves)
Will    .....                   (no boots)
Stlth   ++........              (no amulet)
HPRegen 0.13/turn               (no ring)
MPRegen 0.12/turn               (no ring)

@: no status effects
A: high MP 1, forlorn, divine attributes
a: no special abilities


You were on level 3 of the Dungeon.
You visited 1 branch of the dungeon, and saw 3 of its levels.

You collected 53 gold pieces.

Inventory:

Hand Weapons
 b - a +0 dagger (weapon)
Missiles
 e - 9 poisoned darts
Armour
 a - a +0 robe (worn)
Jewellery
 d - a ring of resist corrosion
Wands
 m - a wand of flame (4)
Scrolls
 c - a scroll of magic mapping {unknown}
 f - a scroll of torment {unknown}
 j - a scroll of blinking {unknown}
 n - a scroll of identify {unknown}
Potions
 g - a potion of curing
 h - a potion of brilliance {unknown}
 i - a potion of resistance
 k - 2 potions of attraction {unknown}
 l - a potion of invisibility {unknown}


   Skills:
 + Level 1.3 Fighting
 - Level 1.7 Dodging
 - Level 1.7 Stealth
 + Level 2.2 Unarmed Combat
 + Level 2.2 Spellcasting
 * Level 4.7 Summonings


You had 2 spell levels left.
You knew the following spells:

 Your Spells              Type           Power      Damage    Failure   Level
a - Summon Small Mammal   Summ           88%        N/A       1%          1
b - Call Imp              Summ           22%        N/A       3%          2
c - Call Canine Familiar  Summ           22%        N/A       6%          3

Your spell library contained the following spells:

 Spells                   Type           Power      Damage    Failure   Level
 Sting                    Tmut/Pois      8%         1d3       14%         1
 Poisonous Vapours        Pois/Air       4%         N/A       22%         2
 Summon Guardian Golem    Hex/Summ       12%        N/A       16%         3
 Ignite Poison            Fire/Tmut/Pois 2%         N/A       41%         3
 Mephitic Cloud           Conj/Pois/Air  2%         N/A       41%         3
 Summon Lightning Spire   Summ/Air       12%        N/A       47%         4
 Olgreb's Toxic Radiance  Pois           2%         N/A       82%         4
 Freezing Cloud           Conj/Ice/Air   1%         6-21      99%         5


Dungeon Overview and Level Annotations

Branches:
Dungeon (3/15)


Innate Abilities, Weirdness & Mutations

You have an increased reservoir of magic. (+10% MP)
You shall have no god before yourself.
Your divine heritage dramatically boosts your attributes as you level up.


Message History

The goblin shoots a stone.
The stone completely misses you.
Your hound bites the orc but does no damage.
The quokka bites your hound. The orc barely misses you.
Your hound bites the quokka but does no damage.
The quokka bites your hound.
Your hound completely misses the quokka.
Unknown command.
The kobold hits you with a +0 short sword.
* * * LOW HITPOINT WARNING * * *
The quokka bites you.
* * * LOW HITPOINT WARNING * * *
Your hound bites the quokka.
You hit the kobold.
The kobold is heavily wounded.
Your hound bites the quokka.
The quokka dies!
The kobold hits you with a +0 short sword.
* * * LOW HITPOINT WARNING * * *
The goblin shoots a stone.
The stone hits your hound.
Your hound barely misses the kobold.
The orc misses you.
You swap places.
Your hound bites the orc.
Your crimson imp hits the kobold.
The kobold dies!
You have reached level 5!
You barely miss the orc.
The orc is moderately wounded.
The goblin shoots a stone.
The stone hits your hound.
Your hound dies!
Your hound's corpse disappears in a puff of smoke!
The orc barely misses you.
Unknown command.
You hit the orc but do no damage.
The orc is moderately wounded.
The goblin shoots a stone.
The stone hits your crimson imp but does no damage.
An endoplasm comes into view.
The orc hits you with a +2 flail of protection!
* * * LOW HITPOINT WARNING * * *
Your crimson imp closely misses the orc.
The orc hits you with a +2 flail of protection!
You die...

#.##.#####.####.##
#..........#
######.##### #...#
#...# #...# #...#
#...#
#######)@o#######
#J.......5..)...#.
........†....)g...#
#............)....#
#######...######....
...... ### #.....#.
#.....#.# .......# #


You could see an orc (ally target), an endoplasm (wandering), a goblin and a
friendly crimson imp (summoned).

Vanquished Creatures
  An adder (D:2)
  A dart slug (D:2)
  A ball python (D:1)
  2 bats (D:1)
  2 endoplasms
  A giant cockroach (D:1)
  2 goblins
  A quokka (D:1)
  2 frilled lizards
  3 kobolds
  4 rats (D:1)
20 creatures vanquished.

Vanquished Creatures (collateral kills)
  Natasha (thrice) (D:2)
  An adder (D:2)
  A worm (D:2)
  A dart slug (D:2)
  4 orcs (D:3)
  3 endoplasms
  5 hobgoblins
  5 kobolds
  2 quokkas
  3 bats
  2 frilled lizards (D:1)
  6 goblins
  3 rats
39 creatures vanquished.

Grand Total: 59 creatures vanquished

Notes
Turn   | Place    | Note
-------+----------+-------------------------------------------
     0 | D:1      | pkoi the Demigod Summoner began the quest for the Orb.
     0 | D:1      | Reached XP level 1. HP: 14/14 MP: 5/5
   796 | D:1      | Reached skill level 1 in Unarmed Combat
  1194 | D:1      | Reached XP level 2. HP: 20/20 MP: 4/7
  1672 | D:1      | Reached skill level 4 in Summonings
  2547 | D:1      | Learned a level 2 spell: Call Imp
  2923 | D:2      | Reached XP level 3. HP: 26/26 MP: 6/8
  3118 | D:2      | Noticed Natasha
  3132 | D:2      | Killed Natasha
  3834 | D:2      | Learned a level 3 spell: Call Canine Familiar
  3948 | D:2      | Reached XP level 4. HP: 32/34 MP: 7/9
  3958 | D:2      | Noticed Natasha
  3968 | D:2      | Killed Natasha
  3969 | D:2      | Reached skill level 1 in Fighting
  4484 | D:2      | Noticed Natasha
  4502 | D:2      | Killed Natasha
  4967 | D:3      | Reached XP level 5. HP: 18/40 MP: 7/11
  4969 | D:3      | Slain by an orc

Illustrated notes

Levels and vault maps discovered:
D:1:      dpeg_arrival_shelter, layout_loops_cross,
          ebering_ecumenical_altar_rust
D:2:      layout_basic, basic_altar, uniq_natasha
D:3:      layout_loops_cross

Skill      XL: |  1  2  3  4 |
---------------+-------------+-----
Unarmed Combat | 1 2 |  2.2
Summonings     | 4 |  4.7
Spellcasting   | 2 |  2.2
Fighting       | 1 |  1.3
Dodging        | |  1.7
Stealth        | |  1.7

Action                   |  1- 3 |  4- 6 || total
-------------------------+-------+-------++-------
Melee: Dagger            |   103 |    21 ||   124
       Unarmed           |     2 |       ||     2
 Cast: Summon Small Mamm |    40 |     7 ||    47
       Call Imp          |     2 |     4 ||     6
       Call Canine Famil |       |     2 ||     2
 Stab: Sleeping          |     5 |       ||     5
Armor: Robe              |    22 |     1 ||    23
Dodge: Dodged            |    64 |    21 ||    85
